 Dungeon Crawl Stone Soup version 0.25.0-9-g26727b657a (webtiles) character file.

Game seed: 16623597336132146738

91 Krehm the Sneak (level 4, 0/21 HPs)
             Began as a Spriggan Venom Mage on June 18, 2020.
             Was an Initiate of Fedhas.
             Killed from afar by a white imp (7 damage)
             ... with a puff of frost
             ... summoned by Natasha
             ... on level 2 of the Dungeon.
             The game lasted 00:13:04 (1813 turns).

Krehm the Sneak (Spriggan Venom Mage)               Turns: 1813, Time: 00:13:04

Health: 0/21       AC:  4    Str:  4    XL:     4   Next: 33%
Magic:  7/10       EV: 18    Int: 17    God:    Fedhas [......]
Gold:   56         SH:  0    Dex: 16    Spells: 9/10 levels left

rFire    . . .     SeeInvis +   k - +1 dagger (venom)
rCold    . . .     Gourm    .   (shield restricted)
rNeg     . . .     Faith    .   a - +0 robe
rPois    .         Spirit   .   r - +1 hat
rElec    .         Reflect  .   l - +0 cloak
rCorr    .         Harm     .   (gloves unavailable)
MR       .....                  (boots unavailable)
Stlth    +++.......             (no amulet)
HPRegen  0.07/turn              (no ring)
MPRegen  0.12/turn              (no ring)

@: slowed, quick
A: very small, unfitting armour, see invisible, herbivore, speed 3, slow
metabolism 2
a: Renounce Religion


You were on level 2 of the Dungeon.
You worshipped Fedhas.
Fedhas was noncommittal.
You were not hungry.

You visited 1 branch of the dungeon, and saw 2 of its levels.

You collected 56 gold pieces.

Inventory:

Hand Weapons
 k - a +1 dagger of venom (weapon)
Missiles
 d - 22 poisoned darts (quivered)
Armour
 a - a +0 robe (worn)
 l - a +0 cloak (worn)
 r - a +1 hat (worn)
Jewellery
 o - an uncursed amulet of reflection {unknown}
Scrolls
 b - 2 scrolls of identify {unknown}
 f - a scroll of amnesia {unknown}
 g - a scroll of teleportation {unknown}
 h - a scroll of magic mapping {unknown}
 i - a scroll of remove curse {unknown}
Potions
 e - a potion of ambrosia {unknown}
 j - a potion of heal wounds {unknown}
 m - a potion of curing
 n - a potion of lignification {unknown}
 p - a potion of might {unknown}
 q - a potion of haste {unknown}
Comestibles
 c - 6 rations


   Skills:
 - Level 3.0 Dodging
 + Level 4.8 Stealth
 + Level 3.9 Spellcasting
 - Level 1.3 Transmutations
 + Level 3.9 Poison Magic


You had 9 spell levels left.
You knew the following spells:

 Your Spells              Type           Power        Failure   Level  Hunger
a - Sting                 Tmut/Pois      ##..         5%          1    None

Your spell library contained the following spells:

 Spells                   Type           Power        Failure   Level  Hunger
 Poisonous Vapours        Pois/Air       #.....       11%         2    ##.....
 Ignite Poison            Fire/Tmut/Pois #.......     24%         3    ###....
 Mephitic Cloud           Conj/Pois/Air  #.......     28%         3    ###....
 Olgreb's Toxic Radiance  Pois           ###.....     32%         4    ####...


Dungeon Overview and Level Annotations

Branches:
Dungeon (2/15)

Altars:
Fedhas
Gozag
Ru
Sif Muna
The Shining One

Annotations:
D:2 Natasha


Innate Abilities, Weirdness & Mutations

You are very small and have problems with some larger weapons.
You are too small for most types of armour.
You have supernaturally acute eyesight. (SInv)
You are a herbivore.
You cover ground extremely quickly.
You need to consume almost no food.


Message History

Press: ? - help, Shift-Dir - straight line, f/p - Natasha
Aim: Natasha, carrying a wand of polymorph (1) (moderately wounded, very poisoned)
The sting hits Natasha.
Natasha looks even sicker.
Natasha is heavily wounded.
The white imp puffs mist at you. Natasha closely misses you.
The white imp hits you but does no damage.
Natasha stares at you and mumbles some strange words.
The magic dart hits you.
Natasha howls an incantation.
Natasha shimmers violently.
Natasha zaps a wand.
You easily resist.
The now-empty wand crumbles to dust.
Natasha mumbles some strange words.
You feel disoriented.
Natasha mumbles some strange words.
You see here a poisoned dart.
The white imp gestures at you. The puff of frost hits you!
You die...
Fedhas appreciates your contribution to the ecosystem.

#...h...#....#...............
+.......#....#..............#
#.......#...................#
#...#####..............#.....
#...........(......#...#.....
#..................#...#.....
#...........(......#...##....
#...........(......#...##....
#.....5.5..(@......#.........
###....(..####....#####......
####..†h...####.......##......
#......#####.....#....##.....#
#.....†# #.....#....##......
###......#####.....#.........).#
....................+............
#####...............#............
#...............#....##......


You could see Natasha (very poisoned), a white imp (summoned) and a shadow imp
(summoned).

Vanquished Creatures
  Natasha (twice) (D:2)
  An adder (D:2)
  A dart slug (D:1)
  A leopard gecko (D:2)
  4 bats
  3 giant cockroaches (D:2)
  7 goblins
  3 hobgoblins
  A ball python (D:1)
  3 frilled lizards
  A kobold (D:1)
  4 rats
31 creatures vanquished.

Notes
Turn   | Place    | Note
-------+----------+-------------------------------------------
     0 | D:1      | Krehm the Spriggan Venom Mage began the quest for the Orb.
     0 | D:1      | Reached XP level 1. HP: 9/9 MP: 5/5
   346 | D:1      | Reached XP level 2. HP: 13/13 MP: 4/7
   924 | D:1      | 1
   977 | D:2      | Found a faded altar of an unknown god.
   977 | D:2      | Found a sacrificial altar of Ru.
   983 | D:2      | Found a shimmering blue altar of Sif Muna.
   985 | D:2      | Found an opulent altar of Gozag.
   986 | D:2      | Found a blossoming altar of Fedhas.
  1007 | D:2      | Became a worshipper of Fedhas Madash
  1060 | D:2      | Found a glowing golden altar of the Shining One.
  1110 | D:2      | Reached skill level 4 in Stealth
  1166 | D:2      | Reached XP level 3. HP: 16/16 MP: 5/8
  1669 | D:2      | Noticed Natasha
  1692 | D:2      | Killed Natasha
  1692 | D:2      | Reached XP level 4. HP: 14/21 MP: 10/10
  1783 | D:2      | Noticed Natasha
  1792 | D:2      | Killed Natasha
  1798 | D:2      | Noticed Natasha
  1813 | D:2      | Killed from afar by a white imp

Illustrated notes

##.#.#.##.###.#.#.#
#.#.#.##...#.#.#.#
#.#.#.####.#.#.#.#
#.#.#.# #)#.#....
#.#.#.# #.#.#...#
#.#.#.####.#.#....
#.#.#........#....
#.#.######.#.#...#
#@#......#.#.#....
#.#####..#.#.#....
#.#......#.#.#.###
#.#.###..#...#†###
#.#..........#.##.
#........#.#.#.##.
#######......#.##.
##.#.#.#.##.
#.#.#.#.##.


Turn 924 on D:1: 1

Levels and vault maps discovered:
D:1:      dpeg_arrival_another_circle, layout_basic
D:2:      wander_river, layout_basic, chequers_temple_overflow_minitemple,
          nicolae_tso_swordbearing_angel, uniq_sigmund, uniq_natasha

Skill      XL: |  1  2 |
---------------+-------+-----
Spellcasting   | 3 |  3.9
Stealth        | 4 |  4.8
Dodging        | |  3.0
Transmutations | |  1.3
Poison Magic   | |  3.9

Action                   |  1- 3 |  4- 6 || total
-------------------------+-------+-------++-------
Melee: Hand axe          |     7 |       ||     7
       Dagger            |    16 |       ||    16
Throw: Dart              |     4 |    11 ||    15
 Cast: Sting             |    34 |     6 ||    40
  Use: Potion            |     1 |       ||     1
Armor: Robe              |     6 |     1 ||     7
       Skin              |       |     1 ||     1
Dodge: Dodged            |    27 |     1 ||    28
